 Dungeon Crawl Stone Soup version 0.29-a0-40-g8eb35efe60 (webtiles) character file.

Game seed: 751442105210262203

40 Ajdolov the Digger (level 3, 0/31 HPs)
             Began as an Octopode Earth Elementalist on Feb 1, 2022.
             Succumbed to Sigmund's poison
             ... on level 2 of the Dungeon.
             The game lasted 00:04:17 (1435 turns).

Ajdolov the Digger (Octopode Earth Elementalist)    Turns: 1435, Time: 00:04:18

Health: 0/31       AC: 21    Str:  7    XL:     3   Next: 50%
Magic:  2/6        EV:  2    Int: 19    God:
Gold:   21         SH:  0    Dex: 12    Spells: 2/6 levels left

rFire   . . .      SeeInvis .   d - +0 dagger
rCold   . . .      Faith    .   (no shield)
rNeg    . . .      Spirit   .   (helmet currently unavailable)
rPois   +          Reflect  .   (no amulet)
rElec   .          Harm     .   a - ring of willpower
rCorr   .          Rampage  .   (no ring)
Will    +....      NoTele   +   (no ring)
Stlth   ++........              (no ring)
HPRegen 0.10/turn               (no ring)
MPRegen 0.10/turn               (no ring)
                                (no ring)
                                (no ring)

@: lethally poisoned (0 -> -9), tree-form
A: stationary, stasis, torment immunity, boosted hp, almost no armour,
(amphibious), 8 rings, (camouflage 1), (gelatinous body 1), (nimble swimmer 1),
(tentacles)
a: no special abilities


You were on level 2 of the Dungeon.
You were a tree.
You visited 1 branch of the dungeon, and saw 2 of its levels.

You collected 41 gold pieces.
You spent 20 gold pieces at shops.

Inventory:

Hand Weapons
 d - a +0 dagger (weapon)
Missiles
 b - 30 stones
Jewellery
 a - a ring of willpower (left branch)
Scrolls
 f - 2 scrolls of identify
 i - a scroll of teleportation {unknown}
Potions
 g - a potion of flight {unknown}
 h - a potion of heal wounds {unknown}


   Skills:
 - Level 2.0 Dodging
 - Level 2.6 Stealth
 - Level 2.0 Spellcasting
 * Level 0.2 Conjurations
 - Level 1.0 Transmutations
 * Level 4.4 Earth Magic


You had 2 spell levels left.
You knew the following spells:

 Your Spells              Type           Power      Damage    Failure   Level
a - Sandblast             Erth           36%        2d10      2%          1
b - Stone Arrow           Conj/Erth      20%        3d8       21%         3

Your spell library contained the following spells:

 Spells                   Type           Power      Damage    Failure   Level
 Passwall                 Tmut/Erth      10%        N/A       9%          2
 Ozocubu's Armour         Ice            1%         N/A       45%         3
 Petrify                  Tmut/Erth      12%        N/A       50%         4
 Ozocubu's Refrigeration  Ice            0%         4d5       100%        7


Dungeon Overview and Level Annotations

Branches:
Dungeon (2/15)

Altars:
Ashenzari

Shops:
D:2 ??[

Annotations:
D:2 Robin, Sigmund


Innate Abilities, Weirdness & Mutations

You are a tree.
Your roots penetrate the ground, keeping you stationary.
You cannot be teleported.
You are immune to unholy pain and torment.
Your maximum health is greatly increased.
You cannot wear most types of armour.
((You are amphibious.))
You can wear up to eight rings at the same time.
((Your skin changes colour to match your surroundings (Stealth+).))
((Your rubbery body absorbs attacks. (AC +1, EV +1)))
((You are camouflaged when in or above water. (Stealth+)))
((You have tentacles for arms and can constrict up to eight enemies at once.))


Message History

Items here: ))) ††.
Aiming: Sandblast (safe; 2% risk of failure)
Press: ? - help, Q - select action, (/) - cycle Shift-Dir - straight line, f - Sigmund
Aim: Sigmund, wielding a +2 scythe of venom and wearing a +2 robe of positive energy (lightly wounded, wandering, hasn't noticed you, 77% to hit)
The blast of sand hits Sigmund.
Sigmund is moderately wounded.
Sigmund shouts!
Aiming: Sandblast (safe; 2% risk of failure)
Press: ? - help, Q - select action, (/) - cycle Shift-Dir - straight line, f/p - Sigmund
Aim: Sigmund, wielding a +2 scythe of venom and wearing a +2 robe of positive energy (moderately wounded, 77% to hit)
The blast of sand misses Sigmund.
Sigmund points at you and mumbles some strange words.
You resist with almost no effort.
Aiming: Sandblast (safe; 2% risk of failure)
Press: ? - help, Q - select action, (/) - cycle Shift-Dir - straight line, f/p - Sigmund
Aim: Sigmund, wielding a +2 scythe of venom and wearing a +2 robe of positive energy (moderately wounded, 77% to hit)
The blast of sand hits Sigmund!
Sigmund is severely wounded.
Sigmund hits you from afar with a +2 scythe of venom!
Ouch! That really hurt!
You are lethally poisoned!
Aiming: Sandblast (safe; 2% risk of failure)
Press: ? - help, Q - select action, (/) - cycle Shift-Dir - straight line, f/p - Sigmund
Aim: Sigmund, wielding a +2 scythe of venom and wearing a +2 robe of positive energy (severely wounded, 77% to hit)
The blast of sand hits Sigmund but does no damage.
Sigmund is severely wounded.
* * * LOW HITPOINT WARNING * * *
You feel very sick.
Sigmund casts a spell.
Sigmund flickers and vanishes!
Deactivating autopickup; reactivate with Ctrl-A.
Okay, then.
It was a potion of curing.
You feel better. Something hits you.
* * * LOW HITPOINT WARNING * * *
You are lethally poisoned!
* * * LOW HITPOINT WARNING * * *
You feel very sick.
You see here a +0 club.
It was a potion of lignification.
You turn into a tree.
Your roots penetrate the ground.
You die... ####.#####)# ..##......#ggggg.. #.##..##.###g###.. #.##..#.## #g# ###.##...# #gg

##.#.##..#.##
##. .#...{.....#
r #.#)##..>...#
###.#♣###.####.#
#.....# #.# .#
###.#.#<# .#
........###.####
###.#.#)........
#........#####.
...#.#.##.#
#..... #.#
#..... #.#


There were no monsters in sight!

Vanquished Creatures
  5 ball pythons (D:1)
  4 endoplasms (D:1)
  A giant cockroach (D:2)
  7 goblins
  5 hobgoblins (D:1)
  A quokka (D:1)
  2 bats (D:1)
  3 frilled lizards (D:1)
  5 kobolds
  2 rats
35 creatures vanquished.

Vanquished Creatures (others)
  3 plants (D:2)
3 creatures vanquished.

Grand Total: 38 creatures vanquished

Notes
Turn   | Place    | Note
-------+----------+-------------------------------------------
     0 | D:1      | Ajdolov the Octopode Earth Elementalist began the quest for
                  | the Orb.
     0 | D:1      | Reached XP level 1. HP: 11/11 MP: 3/3
   232 | D:1      | Reached XP level 2. HP: 17/17 MP: 0/5
   467 | D:1      | Reached skill level 4 in Earth Magic
   724 | D:1      | Reached XP level 3. HP: 21/21 MP: 2/6
   728 | D:1      | Learned a level 3 spell: Stone Arrow
   832 | D:1      | Found a faded altar of an unknown god.
  1053 | D:2      | Noticed Sigmund
  1142 | D:2      | Found Kecrit's Magic Scroll Boutique.
  1148 | D:2      | Bought a scroll of identify for 20 gold pieces
  1166 | D:2      | Found Wucic's Magic Scroll Boutique.
  1195 | D:2      | Found Niskiy's Antique Armour Boutique.
  1330 | D:2      | Noticed Robin
  1347 | D:2      | Found a broken altar of Ashenzari.
  1434 | D:2      | HP: 1/21 [poisoned by Sigmund]
  1435 | D:2      | Succumbed to Sigmund's poison

Illustrated notes

Levels and vault maps discovered:
D:1:      lemuel_arrival_tunnels, layout_rooms,
          hellmonk_ecumenical_altar_arch_garden
D:2:      layout_loops_ring, serial_shops, nicolae_shop_hallway_plus, shop,
          nicolae_shop_trees, basic_altar, serial_bayou_lake_a, uniq_sigmund,
          uniq_robin

Skill      XL: |  1  2 |
---------------+-------+-----
Earth Magic    | 4 |  4.4
Dodging        | |  2.0
Stealth        | |  2.6
Spellcasting   | |  2.0
Conjurations   | |  0.2
Transmutations | |  1.0

Action                   || total
-------------------------++-------
Melee: Unarmed           ||     2
       Constrict         ||     2
       Dagger            ||     4
       Tentacles         ||     3
 Cast: Sandblast         ||    49
  Use: Potion            ||     2
 Stab: Sleeping          ||     2
Armor: Skin              ||     3
Dodge: Dodged            ||    14

Table legend: (Time is in decaauts)
 A = Elapsed time spent in this place.
 B = Non-inter-level travel time spent in this place.
 C = Inter-level travel time spent in this place.
 D = Time resting spent in this place.
 E = Time spent auto-exploring this place.
 F = Levels seen in this place.
 G = Mean time per level.
                   A        B        C        D        E       F      G
               +--------+--------+--------+--------+--------+-----+--------+
         Total |   1435 |   1400 |     35 |    390 |    719 |   2 |  717.5 |
       Dungeon |   1435 |   1400 |     35 |    390 |    719 |   2 |  717.5 |
               +--------+--------+--------+--------+--------+-----+--------+

Top non-repeatable levels by time:
     D:1: 1131 daAuts
     D:2: 304 daAuts
